 Dungeon Crawl Stone Soup version 0.30-a0-772-g5528072125 (webtiles) character file.

Game seed: 14037937911526432698

569 jimonade the Ogre Mage (level 7, -2/76 HPs)
             Began as an Ogre Warper on Feb 12, 2023.
             Slain by a scorpion (5 damage)
             ... on level 3 of the Dungeon on Feb 13, 2023.
             The game lasted 00:12:33 (6225 turns).

jimonade the Ogre Mage (Ogre Warper)                Turns: 6225, Time: 00:12:33

Health: -2/76      AC:  3    Str: 18    XL:     7   Next: 33%
Magic:  17/17      EV: 10    Int: 14    God:
Gold:   224        SH:  0    Dex:  8    Spells: 8/19 levels left

rFire   . . .      SeeInvis .    a - +0 mace
rCold   . . .      Faith    .    (no shield)
rNeg    . . .      Spirit   .    b - +0 robe
rPois   .          Reflect  .    (helmet restricted)
rElec   .          Harm     .    (no cloak)
rCorr   .          Rampage  .    (gloves unavailable)
Will    .....                    (boots unavailable)
Stlth   ++                       (no amulet)
HPRegen 0.32/turn                (no ring)
MPRegen 0.15/turn                (no ring)

@: lethally poisoned (-2 -> -12)
A: large, unfitting armour, tough skin 1
a: no special abilities


You were on level 3 of the Dungeon.
You visited 1 branch of the dungeon, and saw 4 of its levels.

You collected 224 gold pieces.

Inventory:

Hand Weapons
 a - a +0 mace (weapon)
Missiles
 d - 7 boomerangs of dispersal
 h - 2 throwing nets
 m - 66 stones
 n - 5 poisoned darts (quivered)
 p - 4 javelins
Armour
 b - a +0 robe (worn)
Wands
 t - a wand of digging (3)
Scrolls
 c - a scroll of blinking
 e - a scroll of vulnerability {unknown}
 g - a scroll of identify
 q - a scroll of amnesia {unknown}
 r - a scroll of brand weapon {unknown}
 s - a scroll of teleportation {unknown}
Potions
 f - a potion of heal wounds
 i - a potion of cancellation {unknown}
 j - a potion of ambrosia {unknown}
 k - 2 potions of curing {unknown}
 l - 2 potions of might {unknown}
 o - 2 potions of attraction {unknown}


   Skills:
 + Level 6.4 Fighting
 * Level 6.5 Maces & Flails
 + Level 4.0 Throwing
 + Level 4.8 Dodging
 + Level 3.7 Stealth
 - Level 6.7 Spellcasting
 * Level 6.0 Translocations


You had 8 spell levels left.
You knew the following spells:

 Your Spells              Type           Power      Damage    Failure   Level
a - Blink                 Tloc           42%        N/A       1%          2
b - Lesser Beckoning      Tloc           42%        N/A       1%          2
c - Teleport Other        Tloc           21%        N/A       3%          3
d - Manifold Assault      Tloc           21%        N/A       12%         4

Your spell library contained the following spells:

 Spells                   Type           Power      Damage    Failure   Level
 Vhi's Electric Charge    Tloc/Air       26%        N/A       13%         3
 Sublimation of Blood     Necr           4%         N/A       22%         2
 Wereblood                Tmut           4%         N/A       22%         2
 Inner Flame              Hex/Fire       4%         N/A       41%         3
 Flame Wave               Conj/Fire      4%         2d5       82%         4
 Sticky Flame             Conj/Fire      4%         2d3       82%         4
 Summon Hydra             Summ           2%         N/A       100%        7


Dungeon Overview and Level Annotations

Branches:
Dungeon (4/15)
 Temple: D:4-7

Altars:
Trog


Innate Abilities, Weirdness & Mutations

You are too large for most types of armour.
You have tough skin. (AC +1)


Message History

You feel very sick. The scorpion stings you.
You hit the scorpion but do no damage.
The scorpion is moderately wounded.
You feel very sick. The scorpion stings you.
You hit the scorpion.
The scorpion is heavily wounded.
You feel very sick.
The scorpion stings you but does no damage.
You completely miss the scorpion.
The scorpion is heavily wounded.
You feel sick. The scorpion barely misses you. The scorpion stings you.
* * * LOW HITPOINT WARNING * * *
You are more poisoned.
The scorpion poisons you!
You hit the scorpion.
The scorpion is almost dead.
You feel very sick. The scorpion stings you.
* * * LOW HITPOINT WARNING * * *
You are lethally poisoned!
The scorpion poisons you!
You closely miss the scorpion.
The scorpion is almost dead.
* * * LOW HITPOINT WARNING * * *
You feel very sick. The scorpion barely misses you.
You hit the scorpion but do no damage.
The scorpion is almost dead.
* * * LOW HITPOINT WARNING * * *
You feel very sick. The scorpion barely misses you.
The scorpion stings you but does no damage.
You barely miss the scorpion.
The scorpion is almost dead.
* * * LOW HITPOINT WARNING * * *
You feel very sick. The scorpion stings you.
You die...

#.......### #.........#
#######.####.# #........#
#.# ##### #.#####)## #.#
#...###.### ### #.#
#.#.#.....# #.#
#.#.#.#.#.### #.#
#.#......@s.# #.# #
#.###.#.#.#.# #.# # #.#
#..<..#.# #.# # #.#
###.###.# ####.####### #
##.## #.# #.# #........... #
##)..## #.# #.# #.##..#####.
######.....###.###.###.##..#
#.
...........................#
#.
######.....#######.........#
#.


You could see a scorpion.

Vanquished Creatures
  A howler monkey (D:4)
  2 hounds
  An iguana (D:4)
  An orc wizard (D:3)
  5 gnolls
  6 adders
  2 ufetubi (D:4)
  3 worms
  4 dart slugs
  6 orcs
  9 endoplasms
  2 giant cockroaches
  4 hobgoblins
  5 quokkas
  6 ball pythons
  5 bats
  5 frilled lizards
  10 goblins
  5 kobolds
  6 rats
88 creatures vanquished.

Notes
Turn   | Place    | Note
-------+----------+-------------------------------------------
     0 | D:1      | jimonade the Ogre Warper began the quest for the Orb.
     0 | D:1      | Reached XP level 1. HP: 22/22 MP: 3/3
   134 | D:1      | Reached XP level 2. HP: 28/29 MP: 5/5
   672 | D:1      | Reached XP level 3. HP: 36/36 MP: 6/6
  1147 | D:2      | You fall into a shaft and drop 1 floor!
  1414 | D:4      | Reached skill level 1 in Stealth
  1414 | D:4      | Reached XP level 4. HP: 2/45 MP: 7/7
  2140 | D:2      | Learned a level 2 spell: Blink
  2143 | D:2      | Learned a level 2 spell: Lesser Beckoning
  2318 | D:2      | Reached XP level 5. HP: 53/53 MP: 8/8
  4404 | D:3      | Reached XP level 6. HP: 57/61 MP: 9/9
  4542 | D:3      | Reached XP level 7. HP: 76/76 MP: 10/17
  4593 | D:3      | Learned a level 3 spell: Teleport Other
  4598 | D:3      | Learned a level 4 spell: Manifold Assault
  4704 | D:4      | Found a bloodstained altar of Trog.
  6225 | D:3      | HP: 3/76 [poisoned by a scorpion]
  6225 | D:3      | Slain by a scorpion

Illustrated notes

Levels and vault maps discovered:
D:1:      shiori_arrival_maze, layout_loops_cross
D:2:      layout_basic
D:3:      layout_loops_ring
D:4:      layout_cave_pools, elyvilon_altar_5, trog_hazing_becter,
          kennysheep_small_circle

Skill      XL: |  1  2  3  4  5  6 |
---------------+-------------------+-----
Maces & Flails | 2 3 6 |  6.5
Translocations | 3 6 |  6.0
Fighting       | 3 6 |  6.4
Stealth        | 1 3 |  3.7
Dodging        | 3 4 |  4.8
Throwing       | 4 |  4.0
Spellcasting   | 6 |  6.7

Action                     |  1- 3 |  4- 6 |  7- 9 || total
---------------------------+-------+-------+-------++-------
  Melee: Mace              |   150 |   139 |   115 ||   404
         Punch             |     3 |       |     3 ||     6
  Throw: Dart              |     2 |     3 |       ||     5
    Use: Scroll            |       |     2 |       ||     2
         Potion            |       |     1 |       ||     1
   Stab: Sleeping          |       |     2 |       ||     2
 Armour: Robe              |    69 |    31 |    32 ||   132
  Dodge: Dodged            |   102 |    77 |    69 ||   248

Table legend: (Time is in decaauts)
 A = Elapsed time spent in this place.
 B = Non-inter-level travel time spent in this place.
 C = Inter-level travel time spent in this place.
 D = Time resting spent in this place.
 E = Time spent auto-exploring this place.
 F = Levels seen in this place.
 G = Mean time per level.
                   A        B        C        D        E       F      G
               +--------+--------+--------+--------+--------+-----+--------+
         Total |   6330 |   5919 |    411 |   1967 |   2220 |   4 | 1582.5 |
       Dungeon |   6330 |   5919 |    411 |   1967 |   2220 |   4 | 1582.5 |
               +--------+--------+--------+--------+--------+-----+--------+

Top non-repeatable levels by time:
     D:3: 2071 daAuts
     D:2: 1763 daAuts
     D:4: 1402 daAuts
     D:1: 1093 daAuts
